[ AOE2 MATCH · #461949564 ]
UnrankedMagyars vs Persians
[ REPLAY ANALYSIS · EXTRACTED FROM THE RECORDED GAME ]
Feudal
8:55
Castle
19:46
Imperial
38:25
| APM avg | 57.7 |
| APM peak | 97 |
| eAPM avg | 32.4 |
| Villagers / military | 172 / 266 |
Focus
⚔️ 27.9% · 🌾 72.1%
Knight ×256 · Trade Cart ×51 · Scout Cavalry ×7 · Trebuchet (Packed) ×3
Feudal
10:36
Castle
14:35
Imperial
35:43
| APM avg | 40.8 |
| APM peak | 67 |
| eAPM avg | 20.2 |
| Villagers / military | 151 / 264 |
Focus
⚔️ 26.1% · 🌾 73.9%
Chu Ko Nu ×203 · Skirmisher ×53 · Trade Cart ×33 · Trebuchet (Packed) ×6 · Scorpion ×2
Feudal
9:23
Castle
21:13
Imperial
36:46
| APM avg | 34.7 |
| APM peak | 111 |
| eAPM avg | 18.8 |
| Villagers / military | 152 / 221 |
Focus
⚔️ 34.7% · 🌾 65.3%
Knight ×166 · Scout Cavalry ×47 · Spearman ×8
Feudal
8:32
Castle
18:06
Imperial
33:17
| APM avg | 48.4 |
| APM peak | 89 |
| eAPM avg | 20.4 |
| Villagers / military | 171 / 203 |
Focus
⚔️ 32.5% · 🌾 67.5%
Ballista Elephant ×176 · Trade Cart ×36 · Knight ×10 · Battering Ram ×6 · Scout Cavalry ×5 · Battle Elephant ×5
Feudal
11:05
Castle
14:35
Imperial
29:44
| APM avg | 44.0 |
| APM peak | 86 |
| eAPM avg | 28.6 |
| Villagers / military | 197 / 614 |
Focus
⚔️ 41.5% · 🌾 58.5%
Spearman ×577 · Bombard Cannon ×36 · Trade Cart ×6 · Monk ×1
Feudal
11:21
Castle
15:03
Imperial
29:42
| APM avg | 43.5 |
| APM peak | 75 |
| eAPM avg | 25.3 |
| Villagers / military | 152 / 356 |
Focus
⚔️ 25.8% · 🌾 74.2%
Mangudai ×234 · Battering Ram ×91 · Trade Cart ×36 · Mangonel ×22 · Scorpion ×6 · Monk ×3
Feudal
10:16
Castle
14:36
Imperial
32:00
| APM avg | 48.1 |
| APM peak | 87 |
| eAPM avg | 19.3 |
| Villagers / military | 153 / 100 |
Focus
⚔️ 39.0% · 🌾 61.0%
Mangudai ×93 · Trade Cart ×15 · Mangonel ×7
Feudal
12:34
Castle
16:12
Imperial
35:10
| APM avg | 55.9 |
| APM peak | 132 |
| eAPM avg | 22.3 |
| Villagers / military | 175 / 278 |
Focus
⚔️ 30.6% · 🌾 69.4%
Bolas Rider ×261 · Trade Cart ×42 · Mangonel ×9 · Trebuchet (Packed) ×8
Match map
Initial resources + every placement click. Lines = walls · curves = elevation contours. ◆ gold · ⬟ stone · ● berries · ✦ relic · ◌ wall gap
Your base· ✓ Closed at 19:46 · 24t walls · 1 gate(s)
Zzzzzz's base· ✓ Closed at 14:35 · 88t walls · 1 gate(s)
Papa_konas's base· ✓ Closed at 21:13 · 14t walls · no gate
E@GLE's base· ✓ Closed at 18:06 · 0t walls · no gate
oSetinhas's base· ✓ Closed at 14:35 · 52t walls · no gate
holagame's base· ✓ Closed at 15:03 · 54t walls · no gate
Brisingr's base· ✓ Closed at 14:36 · 33t walls · 1 gate(s)
VLC | ADC__'s base· ✓ Closed at 16:12 · 45t walls · no gate
Smoothed initial terrain · ◌ = detected wall gap · hover for details
Inputs per minute
— dapao - - Zzzzzz
Build order — dapao
First 150 of 702 actions detected
| 0:00 | Create | Villager (Male) |
| 0:01 | Create | Villager (Male) |
| 0:02 | Build | House |
| 0:03 | Build | House |
| 0:06 | Create | Villager (Male) |
| 0:07 | Create | Villager (Male) |
| 1:25 | Create | Villager (Male) |
| 1:26 | Create | Villager (Male) |
| 1:52 | Create | Villager (Male) |
| 1:52 | Create | Villager (Male) |
| 1:59 | Build | Lumber Camp |
| 2:15 | Create | Villager (Male) |
| 2:45 | Create | Villager (Male) |
| 2:45 | Create | Villager (Male) |
| 3:01 | Create | Villager (Male) |
| 3:40 | Create | Villager (Male) |
| 3:40 | Create | Villager (Male) |
| 3:46 | Build | House |
| 4:06 | Create | Villager (Male) |
| 4:06 | Create | Villager (Male) |
| 4:29 | Create | Villager (Male) |
| 4:55 | Create | Villager (Male) |
| 4:56 | Create | Villager (Male) |
| 5:11 | Create | Villager (Male) |
| 5:12 | Create | Villager (Male) |
| 5:20 | Build | Mill |
| 5:25 | Create | Villager (Male) |
| 5:28 | Create | Villager (Male) |
| 5:45 | Research | Loom |
| 5:45 | Create | Villager (Male) |
| 6:45 | Research | Feudal Age |
| 6:45 | Research | Feudal Age |
| 7:00 | Build | Palisade Wall |
| 7:05 | Build | Palisade Wall |
| 7:26 | Build | House |
| 7:57 | Build | Barracks |
| 8:23 | Build | Palisade Gate |
| 8:28 | Create | Villager (Male) |
| 8:34 | Create | Villager (Male) |
| 8:55 | Age | Feudal Age |
| 9:16 | Build | Stable |
| 9:31 | Create | Villager (Male) |
| 9:57 | Create | Scout Cavalry |
| 9:57 | Create | Scout Cavalry |
| 9:57 | Create | Scout Cavalry |
| 10:04 | Build | Farm |
| 10:10 | Create | Villager (Male) |
| 10:13 | Build | House |
| 10:27 | Create | Scout Cavalry |
| 10:27 | Create | Scout Cavalry |
| 10:28 | Create | Villager (Male) |
| 10:32 | Build | Farm |
| 10:39 | Build | House |
| 10:48 | Build | Farm |
| 11:07 | Create | Scout Cavalry |
| 11:08 | Create | Villager (Male) |
| 11:10 | Build | Farm |
| 11:11 | Create | Villager (Male) |
| 11:29 | Build | Farm |
| 11:49 | Build | Farm |
| 12:01 | Create | Villager (Male) |
| 12:11 | Build | Farm |
| 12:13 | Create | Villager (Male) |
| 12:19 | Build | House |
| 12:20 | Build | House |
| 12:40 | Build | Farm |
| 12:51 | Create | Villager (Male) |
| 12:55 | Create | Villager (Male) |
| 13:03 | Build | Mining Camp |
| 13:23 | Build | Farm |
| 13:34 | Create | Villager (Male) |
| 13:50 | Create | Villager (Male) |
| 13:53 | Build | Farm |
| 13:55 | Create | Villager (Male) |
| 14:42 | Create | Villager (Male) |
| 15:36 | Create | Villager (Male) |
| 15:44 | Create | Villager (Male) |
| 15:48 | Build | Farm |
| 15:48 | Build | Farm |
| 15:49 | Build | Farm |
| 16:00 | Build | Stable |
| 16:32 | Create | Villager (Male) |
| 16:33 | Create | Villager (Male) |
| 16:35 | Build | Blacksmith |
| 16:57 | Build | Farm |
| 17:06 | Research | Castle Age |
| 17:06 | Research | Castle Age |
| 17:09 | Build | Farm |
| 17:12 | Research | Double-Bit Axe |
| 17:13 | Research | Horse Collar |
| 17:47 | Research | Bloodlines |
| 17:48 | Research | Scale Barding Armor |
| 18:07 | Build | House |
| 19:42 | Research | Gold Mining |
| 19:46 | Age | Castle Age |
| 19:48 | Create | Knight |
| 19:49 | Create | Knight |
| 19:49 | Create | Knight |
| 19:49 | Create | Knight |
| 19:49 | Create | Knight |
| 19:53 | Create | Knight |
| 19:53 | Create | Knight |
| 19:54 | Create | Knight |
| 19:55 | Create | Villager (Male) |
| 19:56 | Create | Villager (Male) |
| 20:09 | Create | Villager (Male) |
| 20:09 | Create | Villager (Male) |
| 20:12 | Build | Town Center |
| 20:16 | Create | Villager (Male) |
| 20:31 | Create | Knight |
| 20:31 | Create | Knight |
| 20:32 | Create | Villager (Male) |
| 20:48 | Create | Villager (Male) |
| 20:56 | Create | Knight |
| 20:57 | Create | Knight |
| 20:57 | Create | Knight |
| 21:08 | Create | Villager (Male) |
| 21:12 | Create | Villager (Male) |
| 21:17 | Build | House |
| 21:19 | Build | House |
| 21:40 | Create | Knight |
| 21:41 | Create | Knight |
| 21:41 | Create | Knight |
| 22:03 | Create | Knight |
| 22:03 | Create | Knight |
| 22:03 | Create | Knight |
| 22:07 | Create | Villager (Male) |
| 22:07 | Create | Villager (Male) |
| 22:09 | Create | Villager (Male) |
| 22:10 | Create | Villager (Male) |
| 22:13 | Build | Farm |
| 22:16 | Create | Villager (Male) |
| 22:17 | Build | Farm |
| 22:18 | Build | Farm |
| 22:30 | Create | Knight |
| 22:30 | Create | Knight |
| 22:30 | Create | Knight |
| 22:34 | Create | Villager (Male) |
| 22:36 | Create | Villager (Male) |
| 22:39 | Build | Farm |
| 22:41 | Build | Farm |
| 22:42 | Create | Villager (Male) |
| 22:43 | Create | Villager (Male) |
| 22:48 | Create | Knight |
| 22:48 | Create | Knight |
| 22:52 | Create | Villager (Male) |
| 22:53 | Create | Villager (Male) |
| 23:04 | Create | Knight |
| 23:05 | Create | Knight |
| 23:14 | Build | Stone Wall |
Build order — Zzzzzz
First 150 of 479 actions detected
| 0:03 | Research | Loom |
| 0:42 | Create | Villager (Male) |
| 1:07 | Create | Villager (Male) |
| 1:31 | Create | Villager (Male) |
| 1:32 | Create | Villager (Male) |
| 1:46 | Build | Lumber Camp |
| 2:04 | Create | Villager (Male) |
| 2:21 | Create | Villager (Male) |
| 2:43 | Create | Villager (Male) |
| 2:44 | Create | Villager (Male) |
| 3:10 | Create | Villager (Male) |
| 3:29 | Build | House |
| 3:33 | Create | Villager (Male) |
| 4:09 | Create | Villager (Male) |
| 4:09 | Create | Villager (Male) |
| 4:20 | Build | House |
| 4:36 | Create | Villager (Male) |
| 4:37 | Create | Villager (Male) |
| 4:51 | Build | Palisade Wall |
| 5:22 | Create | Villager (Male) |
| 5:37 | Build | Mill |
| 5:43 | Create | Villager (Male) |
| 5:49 | Create | Villager (Male) |
| 6:08 | Create | Villager (Male) |
| 6:09 | Create | Villager (Male) |
| 6:15 | Create | Villager (Male) |
| 6:25 | Create | Villager (Male) |
| 6:43 | Build | Palisade Wall |
| 7:03 | Create | Villager (Male) |
| 8:01 | Build | Mining Camp |
| 8:05 | Research | Feudal Age |
| 8:28 | Build | Palisade Wall |
| 8:47 | Build | Palisade Wall |
| 8:51 | Build | Palisade Wall |
| 9:33 | Build | House |
| 10:36 | Age | Feudal Age |
| 10:41 | Build | Market |
| 10:46 | Build | Palisade Wall |
| 10:50 | Create | Villager (Male) |
| 10:50 | Create | Villager (Male) |
| 10:51 | Create | Villager (Male) |
| 10:56 | Build | Blacksmith |
| 11:12 | Build | Stone Wall |
| 11:15 | Build | Stone Wall |
| 11:17 | Build | Stone Wall |
| 11:26 | Create | Villager (Male) |
| 11:55 | Research | Castle Age |
| 11:55 | Research | Castle Age |
| 12:20 | Build | Stone Wall |
| 12:30 | Build | Farm |
| 12:31 | Build | Farm |
| 12:40 | Build | Farm |
| 12:46 | Research | Double-Bit Axe |
| 12:46 | Research | Double-Bit Axe |
| 13:29 | Build | Gate |
| 14:33 | Create | Villager (Male) |
| 14:35 | Age | Castle Age |
| 14:38 | Build | Town Center |
| 14:40 | Research | Bow Saw |
| 14:40 | Research | Bow Saw |
| 14:42 | Create | Villager (Male) |
| 14:55 | Build | Stone Wall |
| 14:56 | Build | Stone Wall |
| 14:57 | Build | Stone Wall |
| 15:04 | Build | Farm |
| 15:07 | Create | Villager (Male) |
| 15:32 | Build | Farm |
| 15:38 | Create | Villager (Male) |
| 15:40 | Build | House |
| 15:51 | Build | House |
| 16:01 | Build | House |
| 16:07 | Build | Farm |
| 16:09 | Create | Villager (Male) |
| 16:09 | Create | Villager (Male) |
| 16:10 | Create | Villager (Male) |
| 16:22 | Build | Farm |
| 16:45 | Build | House |
| 17:20 | Create | Villager (Male) |
| 17:21 | Create | Villager (Male) |
| 17:21 | Create | Villager (Male) |
| 17:28 | Build | House |
| 17:31 | Create | Villager (Male) |
| 17:32 | Create | Villager (Male) |
| 17:43 | Build | Stone Wall |
| 17:44 | Build | Stone Wall |
| 17:48 | Create | Villager (Male) |
| 17:48 | Create | Villager (Male) |
| 17:54 | Build | Town Center |
| 18:00 | Build | Farm |
| 18:01 | Build | Farm |
| 18:18 | Build | House |
| 18:21 | Build | House |
| 18:24 | Build | House |
| 18:27 | Build | Farm |
| 18:30 | Create | Villager (Male) |
| 18:30 | Create | Villager (Male) |
| 18:31 | Create | Villager (Male) |
| 18:43 | Build | Farm |
| 19:08 | Build | House |
| 19:12 | Build | House |
| 19:15 | Build | House |
| 19:21 | Build | Gate |
| 19:27 | Create | Villager (Male) |
| 19:33 | Build | Siege Workshop |
| 19:36 | Build | House |
| 19:47 | Create | Villager (Male) |
| 19:48 | Create | Villager (Male) |
| 20:05 | Build | House |
| 20:16 | Create | Villager (Male) |
| 20:20 | Create | Scorpion |
| 20:23 | Build | House |
| 20:28 | Create | Villager (Male) |
| 20:28 | Create | Villager (Male) |
| 20:36 | Build | Palisade Wall |
| 20:41 | Build | Palisade Wall |
| 20:45 | Build | Palisade Wall |
| 20:48 | Build | Palisade Wall |
| 20:50 | Create | Villager (Male) |
| 20:50 | Create | Villager (Male) |
| 20:51 | Create | Villager (Male) |
| 21:01 | Build | Palisade Wall |
| 21:05 | Create | Villager (Male) |
| 21:12 | Create | Villager (Male) |
| 21:16 | Build | Town Center |
| 21:57 | Build | Farm |
| 21:58 | Build | Farm |
| 22:01 | Build | Mining Camp |
| 22:07 | Create | Villager (Male) |
| 22:22 | Create | Scorpion |
| 22:26 | Create | Villager (Male) |
| 22:27 | Build | Farm |
| 22:30 | Build | Lumber Camp |
| 22:31 | Create | Villager (Male) |
| 22:53 | Build | Farm |
| 23:05 | Build | Castle |
| 23:10 | Build | House |
| 23:21 | Build | Palisade Wall |
| 23:25 | Create | Villager (Male) |
| 23:26 | Create | Villager (Male) |
| 23:39 | Create | Villager (Male) |
| 23:40 | Create | Villager (Male) |
| 23:40 | Create | Villager (Male) |
| 23:45 | Build | Farm |
| 23:47 | Create | Villager (Male) |
| 23:51 | Create | Villager (Male) |
| 23:52 | Create | Villager (Male) |
| 24:09 | Create | Villager (Male) |
| 24:10 | Create | Villager (Male) |
| 24:14 | Build | Farm |
| 24:15 | Build | Farm |
Build order — Papa_konas
First 150 of 673 actions detected
| 0:01 | Create | Villager (Male) |
| 0:01 | Create | Villager (Male) |
| 0:01 | Create | Villager (Male) |
| 0:03 | Build | House |
| 0:04 | Build | House |
| 0:18 | Create | Villager (Male) |
| 0:32 | Create | Villager (Male) |
| 1:37 | Create | Villager (Male) |
| 1:53 | Create | Villager (Male) |
| 2:27 | Create | Villager (Male) |
| 2:32 | Build | Lumber Camp |
| 2:53 | Build | House |
| 3:01 | Create | Villager (Male) |
| 3:25 | Create | Villager (Male) |
| 3:29 | Build | House |
| 3:47 | Build | Mill |
| 3:53 | Create | Villager (Male) |
| 3:53 | Create | Villager (Male) |
| 4:02 | Build | Palisade Wall |
| 4:58 | Create | Villager (Male) |
| 4:58 | Create | Villager (Male) |
| 5:21 | Create | Villager (Male) |
| 5:25 | Build | House |
| 5:50 | Build | House |
| 6:11 | Create | Villager (Male) |
| 6:11 | Create | Villager (Male) |
| 6:16 | Research | Loom |
| 6:16 | Research | Loom |
| 6:41 | Build | House |
| 7:19 | Research | Feudal Age |
| 7:20 | Research | Feudal Age |
| 7:24 | Build | Barracks |
| 7:52 | Build | House |
| 8:48 | Build | House |
| 9:00 | Create | Villager (Male) |
| 9:23 | Age | Feudal Age |
| 9:31 | Build | Stable |
| 9:35 | Create | Villager (Male) |
| 9:39 | Research | Double-Bit Axe |
| 9:39 | Research | Double-Bit Axe |
| 10:05 | Create | Villager (Male) |
| 10:21 | Build | House |
| 10:23 | Create | Scout Cavalry |
| 10:25 | Create | Villager (Male) |
| 10:27 | Research | Horse Collar |
| 10:27 | Research | Horse Collar |
| 10:46 | Create | Villager (Male) |
| 10:56 | Create | Villager (Male) |
| 10:58 | Create | Scout Cavalry |
| 10:58 | Create | Scout Cavalry |
| 11:01 | Create | Scout Cavalry |
| 11:22 | Build | Farm |
| 11:45 | Create | Villager (Male) |
| 11:47 | Create | Scout Cavalry |
| 11:48 | Create | Villager (Male) |
| 11:58 | Build | Farm |
| 12:09 | Build | Farm |
| 12:12 | Build | Farm |
| 12:14 | Create | Scout Cavalry |
| 12:27 | Create | Spearman |
| 12:27 | Create | Spearman |
| 12:32 | Create | Villager (Male) |
| 12:32 | Create | Villager (Male) |
| 12:44 | Create | Spearman |
| 13:09 | Create | Villager (Male) |
| 13:10 | Create | Villager (Male) |
| 13:15 | Build | Farm |
| 13:15 | Build | Farm |
| 13:17 | Build | Farm |
| 13:19 | Create | Scout Cavalry |
| 13:29 | Create | Villager (Male) |
| 13:44 | Build | House |
| 14:16 | Create | Spearman |
| 14:16 | Create | Spearman |
| 14:22 | Create | Villager (Male) |
| 14:22 | Create | Villager (Male) |
| 14:23 | Create | Villager (Male) |
| 14:27 | Build | Farm |
| 14:31 | Build | Mining Camp |
| 14:59 | Create | Villager (Male) |
| 15:17 | Create | Spearman |
| 15:19 | Create | Villager (Male) |
| 15:19 | Create | Villager (Male) |
| 15:24 | Build | Farm |
| 15:25 | Build | Farm |
| 15:25 | Build | Farm |
| 15:25 | Build | Farm |
| 15:25 | Build | Farm |
| 15:26 | Build | Farm |
| 15:35 | Build | Farm |
| 15:46 | Create | Spearman |
| 15:51 | Create | Villager (Male) |
| 16:04 | Create | Spearman |
| 16:06 | Create | Villager (Male) |
| 16:26 | Create | Villager (Male) |
| 16:35 | Build | House |
| 16:39 | Build | House |
| 16:51 | Build | House |
| 16:52 | Build | House |
| 16:56 | Create | Villager (Male) |
| 17:05 | Build | Farm |
| 17:07 | Build | Farm |
| 17:10 | Build | Farm |
| 17:20 | Build | Farm |
| 17:36 | Create | Villager (Male) |
| 17:55 | Create | Villager (Male) |
| 18:01 | Build | Blacksmith |
| 18:12 | Build | House |
| 18:47 | Research | Castle Age |
| 18:47 | Research | Castle Age |
| 19:01 | Build | Stable |
| 19:06 | Build | Palisade Wall |
| 19:13 | Research | Gold Mining |
| 19:21 | Build | Farm |
| 19:30 | Research | Bloodlines |
| 19:30 | Research | Bloodlines |
| 19:41 | Build | House |
| 19:48 | Build | House |
| 19:55 | Build | House |
| 19:59 | Research | Scale Barding Armor |
| 19:59 | Research | Scale Barding Armor |
| 20:13 | Build | Farm |
| 20:23 | Build | Farm |
| 20:24 | Build | Farm |
| 20:25 | Create | Villager (Male) |
| 20:55 | Build | Lumber Camp |
| 21:13 | Age | Castle Age |
| 21:13 | Create | Knight |
| 21:14 | Create | Knight |
| 21:14 | Create | Knight |
| 21:16 | Research | Chain Barding Armor |
| 21:16 | Research | Chain Barding Armor |
| 21:25 | Research | Husbandry |
| 21:26 | Create | Knight |
| 22:05 | Build | Farm |
| 22:08 | Research | Bow Saw |
| 22:08 | Research | Bow Saw |
| 22:09 | Create | Villager (Male) |
| 22:10 | Create | Knight |
| 22:11 | Create | Knight |
| 22:11 | Create | Knight |
| 22:24 | Create | Knight |
| 22:35 | Create | Villager (Male) |
| 22:46 | Build | Town Center |
| 22:49 | Create | Knight |
| 22:49 | Create | Knight |
| 22:52 | Create | Villager (Male) |
| 23:08 | Create | Knight |
| 23:14 | Create | Knight |
| 23:14 | Create | Knight |
Build order — E@GLE
First 150 of 455 actions detected
| 0:01 | Create | Villager (Male) |
| 0:01 | Create | Villager (Male) |
| 0:02 | Create | Villager (Male) |
| 0:02 | Create | Villager (Male) |
| 0:03 | Build | House |
| 0:04 | Build | House |
| 1:36 | Create | Villager (Male) |
| 1:46 | Create | Villager (Male) |
| 2:01 | Build | Lumber Camp |
| 2:23 | Create | Villager (Male) |
| 2:27 | Create | Villager (Male) |
| 2:49 | Create | Villager (Male) |
| 3:20 | Create | Villager (Male) |
| 3:29 | Build | House |
| 3:29 | Build | House |
| 3:58 | Create | Villager (Male) |
| 3:59 | Create | Villager (Male) |
| 4:32 | Create | Villager (Male) |
| 4:37 | Create | Villager (Male) |
| 5:18 | Build | Mill |
| 5:46 | Create | Villager (Male) |
| 6:22 | Research | Feudal Age |
| 7:25 | Create | Villager (Male) |
| 7:56 | Research | Loom |
| 8:32 | Age | Feudal Age |
| 8:33 | Create | Villager (Male) |
| 8:42 | Build | Stable |
| 8:56 | Research | Double-Bit Axe |
| 9:08 | Research | Horse Collar |
| 9:19 | Create | Villager (Male) |
| 9:33 | Create | Villager (Male) |
| 9:39 | Create | Scout Cavalry |
| 9:39 | Create | Scout Cavalry |
| 9:45 | Build | House |
| 9:46 | Build | House |
| 9:58 | Create | Villager (Male) |
| 10:03 | Build | Farm |
| 10:04 | Build | Farm |
| 10:06 | Build | Farm |
| 10:08 | Build | Farm |
| 10:11 | Build | Farm |
| 10:14 | Create | Villager (Male) |
| 10:21 | Create | Scout Cavalry |
| 10:35 | Create | Villager (Male) |
| 10:39 | Build | Farm |
| 10:44 | Create | Scout Cavalry |
| 10:52 | Build | Farm |
| 11:11 | Build | House |
| 11:19 | Create | Scout Cavalry |
| 11:22 | Create | Villager (Male) |
| 11:25 | Build | Farm |
| 11:41 | Create | Villager (Male) |
| 11:51 | Create | Villager (Male) |
| 11:54 | Build | Farm |
| 11:56 | Build | Farm |
| 12:06 | Build | House |
| 12:14 | Create | Villager (Male) |
| 12:38 | Build | Mining Camp |
| 12:47 | Create | Villager (Male) |
| 13:25 | Build | Blacksmith |
| 13:30 | Create | Villager (Male) |
| 13:39 | Research | Wheelbarrow |
| 15:26 | Research | Castle Age |
| 15:51 | Research | Gold Mining |
| 17:02 | Research | Scale Barding Armor |
| 17:04 | Research | Bloodlines |
| 17:45 | Create | Villager (Male) |
| 17:58 | Research | Forging |
| 18:06 | Age | Castle Age |
| 18:08 | Build | Town Center |
| 18:08 | Create | Villager (Male) |
| 18:11 | Build | Town Center |
| 18:19 | Create | Knight |
| 18:24 | Research | Bow Saw |
| 18:25 | Research | Heavy Plow |
| 18:36 | Build | Mining Camp |
| 18:41 | Create | Villager (Male) |
| 19:05 | Research | Husbandry |
| 19:15 | Create | Villager (Male) |
| 19:17 | Build | Farm |
| 19:18 | Build | Farm |
| 19:23 | Build | Farm |
| 19:27 | Create | Villager (Male) |
| 19:33 | Build | Farm |
| 19:39 | Create | Villager (Male) |
| 19:49 | Create | Villager (Male) |
| 20:05 | Create | Villager (Male) |
| 20:13 | Create | Villager (Male) |
| 20:13 | Create | Villager (Male) |
| 20:14 | Build | Farm |
| 20:16 | Build | Farm |
| 20:21 | Create | Villager (Male) |
| 20:21 | Create | Villager (Male) |
| 20:24 | Build | Farm |
| 20:27 | Build | Farm |
| 20:29 | Create | Villager (Male) |
| 20:38 | Create | Villager (Male) |
| 20:39 | Create | Villager (Male) |
| 20:43 | Create | Villager (Male) |
| 20:52 | Build | Farm |
| 20:53 | Build | Farm |
| 20:56 | Build | Farm |
| 20:57 | Create | Villager (Male) |
| 21:00 | Create | Knight |
| 21:06 | Create | Villager (Male) |
| 21:08 | Build | Farm |
| 21:13 | Build | House |
| 21:14 | Build | House |
| 21:14 | Build | House |
| 21:16 | Create | Villager (Male) |
| 21:25 | Create | Villager (Male) |
| 21:25 | Create | Villager (Male) |
| 21:26 | Create | Villager (Male) |
| 21:29 | Build | Farm |
| 21:34 | Create | Villager (Male) |
| 21:34 | Create | Villager (Male) |
| 21:37 | Build | Farm |
| 21:39 | Create | Villager (Male) |
| 21:48 | Create | Villager (Male) |
| 22:01 | Create | Knight |
| 22:02 | Create | Villager (Male) |
| 22:09 | Create | Villager (Male) |
| 22:12 | Build | Farm |
| 22:12 | Create | Villager (Male) |
| 22:31 | Create | Villager (Male) |
| 22:31 | Create | Villager (Male) |
| 22:33 | Build | Farm |
| 22:35 | Build | Farm |
| 22:35 | Build | Farm |
| 22:37 | Create | Villager (Male) |
| 22:44 | Create | Villager (Male) |
| 22:48 | Create | Villager (Male) |
| 23:04 | Build | Town Center |
| 23:05 | Create | Villager (Male) |
| 23:29 | Create | Knight |
| 23:32 | Create | Villager (Male) |
| 23:32 | Create | Villager (Male) |
| 23:38 | Build | House |
| 23:39 | Build | House |
| 23:40 | Build | House |
| 23:41 | Build | House |
| 23:47 | Create | Villager (Male) |
| 24:01 | Research | Hand Cart |
| 24:18 | Create | Villager (Male) |
| 24:21 | Build | Farm |
| 24:30 | Create | Villager (Male) |
| 24:33 | Build | Farm |
| 24:33 | Build | Farm |
| 24:33 | Build | Farm |
| 24:34 | Build | Farm |
Build order — oSetinhas
First 150 of 692 actions detected
| 0:01 | Create | Villager (Male) |
| 0:01 | Create | Villager (Male) |
| 0:01 | Create | Villager (Male) |
| 0:03 | Build | House |
| 0:04 | Build | House |
| 0:16 | Create | Villager (Male) |
| 0:16 | Create | Villager (Male) |
| 1:12 | Create | Villager (Male) |
| 1:12 | Create | Villager (Male) |
| 1:44 | Create | Villager (Male) |
| 1:44 | Create | Villager (Male) |
| 2:05 | Create | Villager (Male) |
| 2:05 | Create | Villager (Male) |
| 2:11 | Build | Lumber Camp |
| 2:17 | Build | Lumber Camp |
| 2:37 | Create | Villager (Male) |
| 2:37 | Create | Villager (Male) |
| 3:26 | Create | Villager (Male) |
| 3:27 | Create | Villager (Male) |
| 3:27 | Create | Villager (Male) |
| 3:55 | Create | Villager (Male) |
| 3:55 | Create | Villager (Male) |
| 4:21 | Build | House |
| 4:23 | Create | Villager (Male) |
| 4:24 | Create | Villager (Male) |
| 4:24 | Create | Villager (Male) |
| 4:51 | Create | Villager (Male) |
| 4:51 | Create | Villager (Male) |
| 4:55 | Build | Mill |
| 5:36 | Create | Villager (Male) |
| 5:56 | Build | Farm |
| 6:19 | Build | House |
| 6:33 | Build | Palisade Wall |
| 6:34 | Create | Villager (Male) |
| 6:52 | Create | Villager (Male) |
| 6:52 | Create | Villager (Male) |
| 7:14 | Build | Palisade Wall |
| 7:20 | Build | Palisade Wall |
| 7:21 | Build | Palisade Wall |
| 7:22 | Build | Palisade Wall |
| 7:26 | Create | Villager (Male) |
| 7:31 | Build | House |
| 7:32 | Build | Palisade Wall |
| 7:32 | Build | Palisade Wall |
| 7:33 | Build | Palisade Wall |
| 7:53 | Build | Palisade Wall |
| 7:53 | Build | Palisade Wall |
| 7:54 | Build | Palisade Wall |
| 8:11 | Research | Loom |
| 8:35 | Build | Mining Camp |
| 8:40 | Build | Palisade Wall |
| 8:47 | Build | Palisade Wall |
| 8:49 | Build | Palisade Wall |
| 8:50 | Build | Palisade Wall |
| 8:50 | Build | Palisade Wall |
| 8:55 | Research | Feudal Age |
| 8:55 | Research | Feudal Age |
| 9:12 | Build | Palisade Wall |
| 9:15 | Build | Palisade Wall |
| 9:18 | Build | Palisade Wall |
| 9:32 | Build | Palisade Wall |
| 9:32 | Build | Palisade Wall |
| 9:33 | Build | Palisade Wall |
| 9:33 | Build | Palisade Wall |
| 10:18 | Create | Villager (Male) |
| 10:18 | Create | Villager (Male) |
| 11:05 | Age | Feudal Age |
| 11:06 | Build | Market |
| 11:11 | Build | Blacksmith |
| 11:54 | Research | Castle Age |
| 11:54 | Research | Castle Age |
| 12:22 | Research | Double-Bit Axe |
| 12:22 | Research | Double-Bit Axe |
| 13:01 | Research | Horse Collar |
| 13:01 | Research | Horse Collar |
| 13:11 | Create | Villager (Male) |
| 13:37 | Create | Villager (Male) |
| 14:35 | Age | Castle Age |
| 14:36 | Build | Town Center |
| 14:41 | Build | Town Center |
| 14:48 | Create | Villager (Male) |
| 14:51 | Build | Farm |
| 14:53 | Build | Farm |
| 15:17 | Create | Villager (Male) |
| 15:25 | Research | Bow Saw |
| 15:50 | Create | Villager (Male) |
| 15:58 | Build | Farm |
| 16:03 | Build | Farm |
| 16:06 | Create | Villager (Male) |
| 16:17 | Create | Villager (Male) |
| 16:17 | Create | Villager (Male) |
| 16:17 | Create | Villager (Male) |
| 16:32 | Build | Farm |
| 16:33 | Build | Farm |
| 16:39 | Build | Farm |
| 16:42 | Build | Farm |
| 16:43 | Create | Villager (Male) |
| 16:43 | Create | Villager (Male) |
| 16:46 | Create | Villager (Male) |
| 16:46 | Create | Villager (Male) |
| 16:47 | Create | Villager (Male) |
| 16:47 | Create | Villager (Male) |
| 16:50 | Build | Farm |
| 16:52 | Build | Farm |
| 17:01 | Build | Farm |
| 17:05 | Create | Villager (Male) |
| 17:05 | Create | Villager (Male) |
| 17:16 | Build | Farm |
| 17:22 | Build | House |
| 17:28 | Build | House |
| 17:31 | Build | House |
| 17:35 | Build | House |
| 17:38 | Build | House |
| 17:40 | Create | Villager (Male) |
| 17:41 | Create | Villager (Male) |
| 17:41 | Create | Villager (Male) |
| 17:42 | Build | Farm |
| 17:56 | Build | Stone Wall |
| 18:02 | Build | House |
| 18:06 | Create | Villager (Male) |
| 18:07 | Create | Villager (Male) |
| 18:13 | Build | Farm |
| 18:14 | Build | Farm |
| 18:15 | Build | Farm |
| 18:17 | Build | Farm |
| 18:18 | Build | Farm |
| 18:19 | Create | Villager (Male) |
| 18:22 | Build | Farm |
| 18:22 | Build | Farm |
| 18:25 | Build | Farm |
| 18:28 | Build | House |
| 18:32 | Build | House |
| 18:33 | Create | Villager (Male) |
| 18:33 | Create | Villager (Male) |
| 18:48 | Create | Villager (Male) |
| 18:48 | Create | Villager (Male) |
| 18:50 | Build | House |
| 18:57 | Build | Monastery |
| 19:03 | Build | House |
| 19:04 | Create | Villager (Male) |
| 19:04 | Create | Villager (Male) |
| 19:11 | Create | Villager (Male) |
| 19:11 | Create | Villager (Male) |
| 19:19 | Create | Villager (Male) |
| 19:20 | Build | Farm |
| 19:24 | Build | Farm |
| 19:33 | Create | Villager (Male) |
| 19:33 | Create | Villager (Male) |
| 19:37 | Create | Villager (Male) |
| 19:46 | Create | Villager (Male) |
Build order — holagame
First 150 of 533 actions detected
| 0:01 | Create | Villager (Male) |
| 0:01 | Create | Villager (Male) |
| 0:02 | Create | Villager (Male) |
| 0:03 | Build | House |
| 0:04 | Build | House |
| 0:07 | Create | Villager (Male) |
| 1:28 | Create | Villager (Male) |
| 1:28 | Create | Villager (Male) |
| 1:53 | Create | Villager (Male) |
| 1:56 | Build | Lumber Camp |
| 2:12 | Create | Villager (Male) |
| 2:33 | Create | Villager (Male) |
| 2:33 | Create | Villager (Male) |
| 2:33 | Create | Villager (Male) |
| 3:04 | Create | Villager (Male) |
| 3:28 | Build | House |
| 3:29 | Build | House |
| 3:34 | Create | Villager (Male) |
| 4:04 | Build | House |
| 4:25 | Create | Villager (Male) |
| 4:25 | Create | Villager (Male) |
| 4:41 | Build | Palisade Wall |
| 4:43 | Create | Villager (Male) |
| 5:08 | Build | Palisade Wall |
| 5:10 | Create | Villager (Male) |
| 5:30 | Create | Villager (Male) |
| 5:54 | Create | Villager (Male) |
| 6:03 | Build | Lumber Camp |
| 6:25 | Build | Palisade Wall |
| 6:29 | Build | Palisade Wall |
| 6:32 | Create | Villager (Male) |
| 6:51 | Create | Villager (Male) |
| 7:03 | Build | Mill |
| 7:12 | Create | Villager (Male) |
| 7:26 | Build | Palisade Wall |
| 7:34 | Create | Villager (Male) |
| 7:42 | Build | Mining Camp |
| 8:02 | Build | Palisade Wall |
| 8:07 | Build | Palisade Wall |
| 8:11 | Research | Feudal Age |
| 8:17 | Create | Villager (Male) |
| 8:30 | Create | Villager (Male) |
| 8:49 | Build | Farm |
| 8:51 | Research | Feudal Age |
| 8:51 | Research | Feudal Age |
| 9:09 | Build | House |
| 9:15 | Build | Farm |
| 9:30 | Create | Villager (Male) |
| 9:30 | Create | Villager (Male) |
| 10:10 | Build | Palisade Wall |
| 11:13 | Build | House |
| 11:21 | Age | Feudal Age |
| 11:25 | Build | Blacksmith |
| 11:28 | Build | Market |
| 12:15 | Build | House |
| 12:23 | Research | Castle Age |
| 12:23 | Research | Castle Age |
| 12:55 | Build | House |
| 13:12 | Research | Horse Collar |
| 13:12 | Research | Double-Bit Axe |
| 13:33 | Build | House |
| 13:35 | Build | House |
| 13:42 | Build | House |
| 13:48 | Build | Farm |
| 13:48 | Create | Villager (Male) |
| 13:50 | Build | Farm |
| 14:02 | Build | Farm |
| 14:04 | Create | Villager (Male) |
| 14:20 | Build | Farm |
| 15:03 | Age | Castle Age |
| 15:05 | Build | Town Center |
| 15:08 | Create | Villager (Male) |
| 15:14 | Build | Town Center |
| 15:28 | Research | Bow Saw |
| 15:29 | Research | Bow Saw |
| 15:53 | Research | Heavy Plow |
| 15:53 | Research | Heavy Plow |
| 16:00 | Create | Villager (Male) |
| 16:23 | Create | Villager (Male) |
| 16:25 | Build | Farm |
| 16:32 | Create | Villager (Male) |
| 16:34 | Build | Farm |
| 16:35 | Create | Villager (Male) |
| 16:45 | Create | Villager (Male) |
| 16:47 | Build | Farm |
| 16:57 | Create | Villager (Male) |
| 17:24 | Build | Siege Workshop |
| 17:27 | Create | Villager (Male) |
| 17:30 | Build | Farm |
| 17:31 | Create | Villager (Male) |
| 17:38 | Build | Farm |
| 17:43 | Build | Farm |
| 17:49 | Create | Villager (Male) |
| 17:49 | Create | Villager (Male) |
| 18:02 | Build | Farm |
| 18:05 | Create | Villager (Male) |
| 18:14 | Build | Farm |
| 18:22 | Create | Villager (Male) |
| 18:22 | Create | Villager (Male) |
| 18:28 | Build | Farm |
| 18:30 | Build | Farm |
| 18:31 | Build | Farm |
| 18:41 | Create | Villager (Male) |
| 18:42 | Create | Villager (Male) |
| 18:52 | Build | Monastery |
| 18:55 | Create | Scorpion |
| 18:58 | Create | Villager (Male) |
| 19:05 | Create | Villager (Male) |
| 19:18 | Create | Scorpion |
| 19:26 | Create | Villager (Male) |
| 19:26 | Create | Villager (Male) |
| 19:27 | Create | Villager (Male) |
| 19:37 | Create | Scorpion |
| 19:38 | Create | Monk |
| 19:42 | Create | Villager (Male) |
| 19:42 | Create | Villager (Male) |
| 19:46 | Create | Villager (Male) |
| 19:47 | Create | Villager (Male) |
| 19:48 | Build | Farm |
| 19:51 | Build | Farm |
| 19:53 | Create | Villager (Male) |
| 19:53 | Create | Villager (Male) |
| 20:03 | Create | Villager (Male) |
| 20:03 | Create | Villager (Male) |
| 20:11 | Build | Farm |
| 20:13 | Create | Villager (Male) |
| 20:17 | Build | Farm |
| 20:19 | Build | Farm |
| 20:21 | Create | Villager (Male) |
| 20:22 | Create | Villager (Male) |
| 20:25 | Create | Villager (Male) |
| 20:25 | Create | Villager (Male) |
| 20:34 | Create | Monk |
| 20:36 | Create | Villager (Male) |
| 20:44 | Create | Villager (Male) |
| 20:44 | Create | Villager (Male) |
| 20:49 | Build | Town Center |
| 20:54 | Create | Villager (Male) |
| 20:58 | Create | Scorpion |
| 21:00 | Create | Villager (Male) |
| 21:00 | Create | Villager (Male) |
| 21:04 | Build | Farm |
| 21:04 | Build | Farm |
| 21:11 | Create | Villager (Male) |
| 21:11 | Create | Villager (Male) |
| 21:18 | Create | Villager (Male) |
| 21:19 | Create | Villager (Male) |
| 21:20 | Create | Villager (Male) |
| 21:27 | Create | Villager (Male) |
| 21:28 | Create | Villager (Male) |
Build order — Brisingr
First 150 of 424 actions detected
| 0:01 | Create | Villager (Male) |
| 0:01 | Create | Villager (Male) |
| 0:02 | Create | Villager (Male) |
| 0:03 | Build | House |
| 0:04 | Build | House |
| 0:24 | Create | Villager (Male) |
| 0:24 | Create | Villager (Male) |
| 1:23 | Create | Villager (Male) |
| 1:51 | Build | Lumber Camp |
| 1:57 | Create | Villager (Male) |
| 1:57 | Create | Villager (Male) |
| 2:23 | Create | Villager (Male) |
| 2:24 | Create | Villager (Male) |
| 3:06 | Create | Villager (Male) |
| 3:06 | Create | Villager (Male) |
| 3:26 | Create | Villager (Male) |
| 3:26 | Create | Villager (Male) |
| 3:35 | Build | House |
| 3:36 | Build | House |
| 3:49 | Create | Villager (Male) |
| 3:49 | Create | Villager (Male) |
| 3:50 | Create | Villager (Male) |
| 4:21 | Create | Villager (Male) |
| 4:22 | Create | Villager (Male) |
| 4:22 | Create | Villager (Male) |
| 5:03 | Build | Mill |
| 5:26 | Create | Villager (Male) |
| 5:36 | Create | Villager (Male) |
| 5:57 | Create | Villager (Male) |
| 5:58 | Create | Villager (Male) |
| 6:05 | Build | Farm |
| 6:10 | Build | Farm |
| 6:22 | Build | Palisade Wall |
| 6:25 | Create | Villager (Male) |
| 6:26 | Create | Villager (Male) |
| 6:26 | Create | Villager (Male) |
| 6:46 | Create | Villager (Male) |
| 7:01 | Build | Palisade Wall |
| 7:19 | Create | Villager (Male) |
| 7:31 | Research | Loom |
| 7:33 | Research | Feudal Age |
| 7:58 | Build | Palisade Wall |
| 8:16 | Build | Palisade Wall |
| 8:17 | Build | Palisade Wall |
| 8:18 | Build | Palisade Wall |
| 8:20 | Build | Palisade Wall |
| 9:09 | Build | Mining Camp |
| 9:55 | Create | Villager (Male) |
| 9:55 | Create | Villager (Male) |
| 10:16 | Age | Feudal Age |
| 10:17 | Build | Market |
| 10:34 | Build | House |
| 10:34 | Create | Villager (Male) |
| 11:17 | Build | Blacksmith |
| 11:50 | Build | House |
| 11:56 | Research | Castle Age |
| 11:56 | Research | Castle Age |
| 12:09 | Build | Mining Camp |
| 12:16 | Build | House |
| 12:48 | Build | Gate |
| 12:56 | Build | Gate |
| 13:02 | Build | Stone Wall |
| 13:05 | Build | Stone Wall |
| 13:40 | Build | Stone Wall |
| 13:48 | Build | Stone Wall |
| 13:49 | Build | Stone Wall |
| 14:10 | Build | Stone Wall |
| 14:11 | Build | Stone Wall |
| 14:11 | Build | Stone Wall |
| 14:23 | Research | Double-Bit Axe |
| 14:25 | Research | Horse Collar |
| 14:32 | Create | Villager (Male) |
| 14:32 | Create | Villager (Male) |
| 14:36 | Age | Castle Age |
| 14:49 | Create | Villager (Male) |
| 15:38 | Create | Villager (Male) |
| 16:20 | Build | Castle |
| 16:25 | Build | Lumber Camp |
| 16:27 | Create | Villager (Male) |
| 16:27 | Create | Villager (Male) |
| 16:36 | Build | Stone Wall |
| 16:37 | Build | Stone Wall |
| 16:38 | Build | Stone Wall |
| 16:38 | Build | Stone Wall |
| 16:40 | Create | Villager (Male) |
| 16:42 | Build | Farm |
| 16:42 | Build | Farm |
| 16:42 | Build | Farm |
| 16:42 | Build | Farm |
| 16:43 | Build | Farm |
| 16:43 | Build | Farm |
| 16:55 | Create | Villager (Male) |
| 17:18 | Create | Villager (Male) |
| 17:20 | Build | Farm |
| 17:25 | Build | Farm |
| 17:27 | Research | Bow Saw |
| 17:28 | Research | Bow Saw |
| 17:57 | Build | Town Center |
| 18:03 | Create | Mangudai |
| 18:04 | Create | Mangudai |
| 18:21 | Create | Villager (Male) |
| 18:21 | Create | Villager (Male) |
| 18:30 | Create | Mangudai |
| 18:45 | Create | Villager (Male) |
| 18:55 | Build | Farm |
| 18:56 | Build | Farm |
| 19:02 | Create | Villager (Male) |
| 19:02 | Create | Villager (Male) |
| 19:03 | Create | Villager (Male) |
| 19:10 | Build | Farm |
| 19:14 | Build | Farm |
| 19:16 | Build | Farm |
| 19:17 | Create | Villager (Male) |
| 19:17 | Create | Villager (Male) |
| 19:36 | Build | Farm |
| 19:42 | Build | Farm |
| 19:43 | Build | Farm |
| 19:54 | Build | Farm |
| 19:56 | Create | Villager (Male) |
| 19:56 | Create | Villager (Male) |
| 19:57 | Create | Villager (Male) |
| 20:04 | Create | Mangudai |
| 20:05 | Create | Mangudai |
| 20:28 | Create | Mangudai |
| 20:28 | Create | Mangudai |
| 20:29 | Create | Villager (Male) |
| 20:30 | Create | Villager (Male) |
| 20:36 | Build | Farm |
| 20:54 | Create | Villager (Male) |
| 20:55 | Create | Mangudai |
| 20:56 | Create | Mangudai |
| 20:57 | Create | Villager (Male) |
| 20:57 | Create | Villager (Male) |
| 20:57 | Create | Villager (Male) |
| 21:02 | Build | Farm |
| 22:21 | Create | Villager (Male) |
| 22:21 | Create | Villager (Male) |
| 22:23 | Create | Mangudai |
| 22:23 | Create | Mangudai |
| 22:43 | Create | Villager (Male) |
| 22:43 | Create | Villager (Male) |
| 22:43 | Create | Villager (Male) |
| 22:45 | Build | Farm |
| 22:45 | Build | Farm |
| 22:47 | Build | Farm |
| 22:47 | Build | Farm |
| 22:49 | Create | Villager (Male) |
| 22:49 | Create | Villager (Male) |
| 22:53 | Build | Town Center |
| 23:05 | Build | Farm |
Build order — VLC | ADC__
First 150 of 453 actions detected
| 0:01 | Create | Villager (Male) |
| 0:02 | Build | House |
| 0:03 | Build | House |
| 0:06 | Create | Villager (Male) |
| 0:06 | Create | Villager (Male) |
| 0:06 | Create | Villager (Male) |
| 0:06 | Create | Villager (Male) |
| 0:07 | Create | Villager (Male) |
| 1:29 | Create | Villager (Male) |
| 1:29 | Create | Villager (Male) |
| 1:52 | Create | Villager (Male) |
| 1:53 | Create | Villager (Male) |
| 2:17 | Build | Settlement |
| 2:24 | Create | Villager (Male) |
| 2:25 | Create | Villager (Male) |
| 2:46 | Create | Villager (Male) |
| 2:46 | Create | Villager (Male) |
| 3:04 | Create | Villager (Male) |
| 3:05 | Create | Villager (Male) |
| 3:42 | Create | Villager (Male) |
| 3:42 | Create | Villager (Male) |
| 3:43 | Create | Villager (Male) |
| 4:02 | Create | Villager (Male) |
| 4:02 | Create | Villager (Male) |
| 4:23 | Create | Villager (Male) |
| 4:24 | Create | Villager (Male) |
| 4:42 | Build | House |
| 4:43 | Build | Palisade Wall |
| 4:48 | Create | Villager (Male) |
| 4:49 | Create | Villager (Male) |
| 4:49 | Create | Villager (Male) |
| 5:30 | Create | Villager (Male) |
| 6:00 | Create | Villager (Male) |
| 6:01 | Create | Villager (Male) |
| 6:19 | Create | Villager (Male) |
| 6:29 | Build | Settlement |
| 6:40 | Create | Villager (Male) |
| 7:01 | Build | Palisade Wall |
| 7:13 | Build | Palisade Wall |
| 7:23 | Create | Villager (Male) |
| 7:23 | Create | Villager (Male) |
| 8:03 | Build | Palisade Wall |
| 8:18 | Research | Loom |
| 8:46 | Build | Palisade Wall |
| 9:10 | Build | House |
| 9:34 | Create | Villager (Male) |
| 9:42 | Create | Villager (Male) |
| 9:51 | Build | Settlement |
| 9:57 | Research | Feudal Age |
| 10:36 | Build | Barracks |
| 11:24 | Create | Villager (Male) |
| 11:25 | Create | Villager (Male) |
| 12:34 | Age | Feudal Age |
| 12:39 | Build | Blacksmith |
| 12:41 | Build | Archery Range |
| 12:51 | Research | Double-Bit Axe |
| 13:14 | Research | Horse Collar |
| 13:32 | Research | Castle Age |
| 13:32 | Research | Castle Age |
| 14:02 | Build | Farm |
| 14:04 | Build | Farm |
| 14:07 | Build | Farm |
| 14:09 | Build | Farm |
| 15:05 | Build | Archery Range |
| 15:44 | Build | Palisade Wall |
| 15:54 | Research | Fletching |
| 15:54 | Create | Villager (Male) |
| 16:12 | Age | Castle Age |
| 16:13 | Create | Bolas Rider |
| 16:13 | Create | Bolas Rider |
| 16:14 | Create | Bolas Rider |
| 16:14 | Create | Bolas Rider |
| 16:14 | Create | Bolas Rider |
| 16:19 | Research | Bow Saw |
| 16:19 | Create | Villager (Male) |
| 16:19 | Create | Villager (Male) |
| 16:26 | Build | Farm |
| 16:31 | Research | Bodkin Arrow |
| 17:30 | Create | Villager (Male) |
| 17:31 | Create | Bolas Rider |
| 17:31 | Create | Bolas Rider |
| 17:45 | Build | Farm |
| 17:46 | Create | Villager (Male) |
| 17:56 | Build | Town Center |
| 18:00 | Build | House |
| 18:06 | Build | House |
| 18:10 | Create | Bolas Rider |
| 18:10 | Create | Bolas Rider |
| 18:12 | Create | Villager (Male) |
| 18:24 | Build | Farm |
| 18:34 | Create | Bolas Rider |
| 18:34 | Create | Bolas Rider |
| 18:59 | Create | Bolas Rider |
| 18:59 | Create | Bolas Rider |
| 19:01 | Create | Villager (Male) |
| 19:02 | Create | Villager (Male) |
| 19:02 | Create | Villager (Male) |
| 19:03 | Build | Farm |
| 19:19 | Create | Villager (Male) |
| 19:19 | Create | Villager (Male) |
| 19:25 | Build | Farm |
| 19:26 | Build | Farm |
| 19:27 | Build | Farm |
| 19:34 | Build | House |
| 19:37 | Create | Bolas Rider |
| 19:38 | Create | Bolas Rider |
| 19:42 | Create | Villager (Male) |
| 19:42 | Create | Villager (Male) |
| 20:21 | Create | Bolas Rider |
| 20:22 | Create | Bolas Rider |
| 20:25 | Create | Villager (Male) |
| 20:26 | Create | Villager (Male) |
| 20:26 | Create | Villager (Male) |
| 20:28 | Build | Farm |
| 20:30 | Build | Farm |
| 20:33 | Create | Bolas Rider |
| 20:33 | Create | Bolas Rider |
| 20:33 | Create | Bolas Rider |
| 20:34 | Create | Villager (Male) |
| 20:35 | Create | Villager (Male) |
| 20:38 | Build | Town Center |
| 20:48 | Create | Bolas Rider |
| 20:48 | Create | Bolas Rider |
| 20:49 | Create | Villager (Male) |
| 20:50 | Create | Villager (Male) |
| 20:57 | Create | Villager (Male) |
| 20:57 | Create | Villager (Male) |
| 21:04 | Build | Farm |
| 21:06 | Build | Farm |
| 21:07 | Build | Farm |
| 22:01 | Create | Villager (Male) |
| 22:01 | Create | Villager (Male) |
| 22:02 | Create | Villager (Male) |
| 22:02 | Create | Villager (Male) |
| 22:02 | Create | Villager (Male) |
| 22:02 | Create | Villager (Male) |
| 22:02 | Create | Villager (Male) |
| 22:09 | Create | Villager (Male) |
| 22:09 | Create | Villager (Male) |
| 22:11 | Build | Farm |
| 22:12 | Build | Farm |
| 22:28 | Create | Bolas Rider ×5 |
| 22:29 | Create | Bolas Rider ×5 |
| 22:35 | Create | Villager (Male) |
| 22:36 | Build | Farm |
| 22:38 | Build | Farm |
| 22:39 | Build | Farm |
| 22:40 | Build | Farm |
| 22:43 | Create | Villager (Male) |
| 22:43 | Create | Villager (Male) |
Match timeline
| 4:02 | Papa_konas · wall_segment Palisade Wall x12 |
| 4:41 | holagame · wall_segment Palisade Wall x15 |
| 4:43 | VLC | ADC__ · wall_segment Palisade Wall x7 |
| 4:51 | Zzzzzz · wall_segment Palisade Wall x10 |
| 5:08 | holagame · wall_segment Palisade Wall x1 |
| 6:22 | Brisingr · wall_segment Palisade Wall x4 |
| 6:25 | holagame · wall_segment Palisade Wall x5 |
| 6:29 | holagame · wall_segment Palisade Wall x5 |
| 6:33 | oSetinhas · wall_segment Palisade Wall x19 |
| 6:43 | Zzzzzz · wall_segment Palisade Wall x19 |
| 7:00 | dapao · wall_segment Palisade Wall x8 |
| 7:01 | Brisingr · wall_segment Palisade Wall x7 |
| 7:01 | VLC | ADC__ · wall_segment Palisade Wall x7 |
| 7:05 | dapao · wall_segment Palisade Wall x16 |
| 7:13 | VLC | ADC__ · wall_segment Palisade Wall x12 |
| 7:14 | oSetinhas · wall_segment Palisade Wall x13 |
| 7:20 | oSetinhas · wall_segment Palisade Wall x1 |
| 7:21 | oSetinhas · wall_segment Palisade Wall x1 |
| 7:22 | oSetinhas · wall_segment Palisade Wall x1 |
| 7:24 | Papa_konas · first_building Barracks |
| 7:26 | holagame · wall_segment Palisade Wall x14 |
| 7:32 | oSetinhas · wall_segment Palisade Wall x1 |
| 7:32 | oSetinhas · wall_segment Palisade Wall x1 |
| 7:33 | oSetinhas · wall_segment Palisade Wall x1 |
| 7:53 | oSetinhas · wall_segment Palisade Wall x1 |
| 7:53 | oSetinhas · wall_segment Palisade Wall x1 |
| 7:54 | oSetinhas · wall_segment Palisade Wall x1 |
| 7:57 | dapao · first_building Barracks |
| 7:58 | Brisingr · wall_segment Palisade Wall x3 |
| 8:02 | holagame · wall_segment Palisade Wall x3 |
| 8:03 | VLC | ADC__ · wall_segment Palisade Wall x5 |
| 8:07 | holagame · wall_segment Palisade Wall x11 |
| 8:16 | Brisingr · wall_segment Palisade Wall x1 |
| 8:17 | Brisingr · wall_segment Palisade Wall x1 |
| 8:18 | Brisingr · wall_segment Palisade Wall x1 |
| 8:20 | Brisingr · wall_segment Palisade Wall x7 |
| 8:28 | Zzzzzz · wall_segment Palisade Wall x1 |
| 8:32 | E@GLE · age_up feudal |
| 8:40 | oSetinhas · wall_segment Palisade Wall x8 |
| 8:42 | E@GLE · first_building Stable |
| 8:46 | VLC | ADC__ · wall_segment Palisade Wall x13 |
| 8:47 | Zzzzzz · wall_segment Palisade Wall x9 |
| 8:47 | oSetinhas · wall_segment Palisade Wall x1 |
| 8:49 | oSetinhas · wall_segment Palisade Wall x1 |
| 8:50 | oSetinhas · wall_segment Palisade Wall x1 |
| 8:50 | oSetinhas · wall_segment Palisade Wall x1 |
| 8:51 | Zzzzzz · wall_segment Palisade Wall x15 |
| 8:55 | dapao · age_up feudal |
| 9:12 | oSetinhas · wall_segment Palisade Wall x1 |
| 9:15 | oSetinhas · wall_segment Palisade Wall x1 |
| 9:16 | dapao · first_building Stable |
| 9:18 | oSetinhas · wall_segment Palisade Wall x1 |
| 9:23 | Papa_konas · age_up feudal |
| 9:31 | Papa_konas · first_building Stable |
| 9:32 | oSetinhas · wall_segment Palisade Wall x1 |
| 9:32 | oSetinhas · wall_segment Palisade Wall x1 |
| 9:33 | oSetinhas · wall_segment Palisade Wall x1 |
| 9:33 | oSetinhas · wall_segment Palisade Wall x1 |
| 10:10 | holagame · wall_segment Palisade Wall x1 |
| 10:16 | Brisingr · age_up feudal |
| 10:36 | VLC | ADC__ · first_building Barracks |
| 10:36 | Zzzzzz · age_up feudal |
| 10:46 | Zzzzzz · wall_segment Palisade Wall x1 |
| 11:05 | oSetinhas · age_up feudal |
| 11:12 | Zzzzzz · wall_segment Stone Wall x4 |
| 11:15 | Zzzzzz · wall_segment Stone Wall x4 |
| 11:17 | Zzzzzz · wall_segment Stone Wall x15 |
| 11:21 | holagame · age_up feudal |
| 11:54 | Zzzzzz · first_market_sell 100 wood |
| 12:20 | Zzzzzz · wall_segment Stone Wall x14 |
| 12:34 | VLC | ADC__ · age_up feudal |
| 12:41 | VLC | ADC__ · first_building Archery Range |
| 13:02 | Brisingr · wall_segment Stone Wall x1 |
| 13:05 | Brisingr · wall_segment Stone Wall x1 |
| 13:40 | Brisingr · wall_segment Stone Wall x1 |
| 13:48 | Brisingr · wall_segment Stone Wall x1 |
| 13:49 | Brisingr · wall_segment Stone Wall x1 |
| 14:09 | Zzzzzz · first_market_buy 100 stone |
| 14:10 | Brisingr · wall_segment Stone Wall x2 |
| 14:11 | Brisingr · wall_segment Stone Wall x1 |
| 14:11 | Brisingr · wall_segment Stone Wall x1 |
| 14:35 | oSetinhas · age_up castle |
| 14:35 | Zzzzzz · age_up castle |
| 14:36 | Brisingr · age_up castle |
| 14:55 | Zzzzzz · wall_segment Stone Wall x1 |
| 14:56 | Zzzzzz · wall_segment Stone Wall x1 |
| 14:57 | Zzzzzz · wall_segment Stone Wall x1 |
| 15:03 | holagame · age_up castle |
| 15:28 | holagame · first_market_buy 100 wood |
| 15:44 | VLC | ADC__ · wall_segment Palisade Wall x1 |
| 16:12 | VLC | ADC__ · age_up castle |
| 16:20 | Brisingr · first_building Castle |
| 16:36 | Brisingr · wall_segment Stone Wall x1 |
| 16:37 | Brisingr · wall_segment Stone Wall x1 |
| 16:38 | Brisingr · wall_segment Stone Wall x1 |
| 16:38 | Brisingr · wall_segment Stone Wall x1 |
| 16:46 | oSetinhas · first_market_buy 100 food |
| 17:24 | holagame · first_building Siege Workshop |
| 17:33 | Brisingr · first_market_buy 100 wood |
| 17:43 | Zzzzzz · wall_segment Stone Wall x5 |
| 17:44 | Zzzzzz · wall_segment Stone Wall x7 |
| 17:56 | oSetinhas · wall_segment Stone Wall x3 |
| 18:06 | E@GLE · age_up castle |
| 18:52 | holagame · first_building Monastery |
| 18:57 | oSetinhas · first_building Monastery |
| 19:05 | Brisingr · first_market_sell 100 food |
| 19:06 | Papa_konas · wall_segment Palisade Wall x2 |
| 19:33 | Zzzzzz · first_building Siege Workshop |
| 19:46 | dapao · age_up castle |
| 20:09 | oSetinhas · wall_segment Palisade Wall x1 |
| 20:17 | oSetinhas · wall_segment Stone Wall x5 |
| 20:36 | Zzzzzz · wall_segment Palisade Wall x1 |
| 20:41 | Zzzzzz · wall_segment Palisade Wall x1 |
| 20:45 | Zzzzzz · wall_segment Palisade Wall x1 |
| 20:48 | Zzzzzz · wall_segment Palisade Wall x1 |
| 21:01 | Zzzzzz · wall_segment Palisade Wall x1 |
| 21:13 | Papa_konas · age_up castle |
| 22:30 | oSetinhas · wall_segment Stone Wall x20 |
| 23:05 | Zzzzzz · first_building Castle |
| 23:14 | dapao · wall_segment Stone Wall x15 |
| 23:19 | dapao · wall_segment Stone Wall x1 |
| 23:20 | dapao · wall_segment Stone Wall x1 |
| 23:20 | dapao · wall_segment Stone Wall x1 |
| 23:21 | Zzzzzz · wall_segment Palisade Wall x1 |
| 23:22 | dapao · wall_segment Stone Wall x4 |
| 25:05 | oSetinhas · wall_segment Stone Wall x1 |
| 25:08 | oSetinhas · wall_segment Stone Wall x1 |
| 25:12 | oSetinhas · wall_segment Stone Wall x12 |
| 25:13 | oSetinhas · wall_segment Stone Wall x3 |
| 25:23 | holagame · wall_segment Stone Wall x13 |
| 25:59 | holagame · first_building Castle |
| 26:05 | E@GLE · first_building Monastery |
| 27:48 | oSetinhas · first_building Siege Workshop |
| 28:01 | holagame · first_building Barracks |
| 28:04 | oSetinhas · first_building Castle |
| 28:27 | holagame · wall_segment Stone Wall x8 |
| 28:30 | holagame · wall_segment Stone Wall x10 |
| 29:00 | holagame · first_building Archery Range |
| 29:04 | holagame · first_building Stable |
| 29:41 | VLC | ADC__ · first_building Castle |
| 29:42 | holagame · age_up imperial |
| 29:44 | oSetinhas · age_up imperial |
| 29:48 | VLC | ADC__ · first_building Monastery |
| 29:59 | E@GLE · wall_segment Palisade Wall x1 |
| 30:00 | E@GLE · wall_segment Palisade Wall x1 |
| 30:14 | dapao · first_building Monastery |
| 30:28 | E@GLE · first_market_buy 100 stone |
| 30:31 | E@GLE · first_building Castle |
| 30:41 | oSetinhas · first_building Barracks |
| 32:00 | Brisingr · age_up imperial |
| 32:11 | Papa_konas · first_building Siege Workshop |
| 32:26 | Brisingr · first_building Barracks |
| 32:59 | holagame · first_market_sell 100 food |
| 33:06 | Brisingr · first_building Archery Range |
| 33:08 | Brisingr · first_building Stable |
| 33:17 | E@GLE · age_up imperial |
| 33:36 | VLC | ADC__ · first_market_buy 100 wood |
| 34:27 | dapao · first_building Castle |
| 34:38 | Brisingr · first_building Siege Workshop |
| 35:10 | VLC | ADC__ · age_up imperial |
| 35:16 | VLC | ADC__ · first_market_sell 100 food |
| 35:43 | Zzzzzz · age_up imperial |
| 36:18 | Papa_konas · first_building Castle |
| 36:46 | Papa_konas · age_up imperial |
| 38:10 | Brisingr · wall_segment Stone Wall x9 |
| 38:25 | dapao · age_up imperial |
| 39:20 | holagame · tribute_sent a jugador 1 |
| 39:20 | holagame · tribute_sent a jugador 2 |
| 39:20 | holagame · tribute_sent a jugador 3 |
| 39:20 | holagame · tribute_sent a jugador 4 |
| 39:20 | holagame · tribute_sent a jugador 6 |
| 39:20 | holagame · tribute_sent a jugador 7 |
| 39:20 | holagame · tribute_sent a jugador 8 |
| 39:24 | dapao · first_market_sell 100 stone |
| 39:33 | dapao · first_building Siege Workshop |
| 41:00 | E@GLE · first_building Siege Workshop |
| 41:06 | Brisingr · wall_segment Stone Wall x16 |
| 42:14 | VLC | ADC__ · first_building Siege Workshop |
| 42:38 | oSetinhas · wall_segment Stone Wall x1 |
| 43:44 | dapao · wall_segment Stone Wall x9 |
| 45:54 | VLC | ADC__ · wall_segment Stone Wall x25 |
| 46:22 | VLC | ADC__ · wall_segment Stone Wall x11 |
| 46:46 | dapao · wall_segment Palisade Wall x1 |
| 47:04 | VLC | ADC__ · wall_segment Stone Wall x3 |
| 47:41 | Zzzzzz · first_building Barracks |
| 50:00 | oSetinhas · wall_segment Stone Wall x14 |
| 50:18 | Zzzzzz · first_building Archery Range |
| 50:21 | Papa_konas · first_market_sell 100 food |
| 50:47 | dapao · first_building Archery Range |
| 51:10 | Papa_konas · wall_segment Stone Wall x28 |
| 51:49 | Papa_konas · resign |
[ AI ANALYSIS · 1 CREDIT ]
What really happened in this match?
Wolo.gg analyzes every decision: build order, eco, micro, common mistakes by bracket. Personalized analysis on WhatsApp or Discord in 30 seconds.
Civ guide
Magyars
Perfil
Jugador #3578523